 Dungeon Crawl Stone Soup version 0.20-a0-830-g2c9a30d (webtiles) character file.

2823 M4edhros the Cleaver (level 9, -17/81 HPs)
             Began as a Minotaur Berserker on Mar 7, 2017.
             Was a Priest of Trog.
             Demolished by an ogre
             ... wielding a +0 giant club
              (24 damage)
             ... on level 10 of the Dungeon.
             The game lasted 00:04:18 (1134 turns).

M4edhros the Cleaver (Minotaur Berserker)           Turns: 1134, Time: 00:04:19

Health: -17/81     AC:  9    Str: 22    XL:     9   Next: 45%
Magic:  8/8        EV: 14    Int:  4    God:    Trog [***...]
Gold:   87         SH:  0    Dex: 13    Spells: 8/8 levels left

rFire    . . .     SeeInvis .   a - +0 hand axe
rCold    + . .     Gourm    .   l - +2 scale mail {rC+}
rNeg     . . .     Faith    .   (no shield)
rPois    .         Spirit   .   (helmet restricted)
rElec    .         Reflect  .   (no cloak)
rCorr    .         Harm     .   (no gloves)
MR       ++...                  (no boots)
Stlth    ..........             (no amulet)
Regen    1.3/turn               (no ring)
MPRegen  0.2/turn               (no ring)

@: lethally poisoned (-17 -> -18), exhausted, flying, regenerating, slowed, very
slow
A: retaliatory headbutt, horns 2
a: Berserk, Trog's Hand, Burn Spellbooks, Renounce Religion


You were on level 10 of the Dungeon.
You worshipped Trog.
Trog was most pleased with you.
You were not hungry.

You visited 1 branch of the dungeon, and saw 10 of its levels.

You collected 87 gold pieces.

Inventory:

Hand Weapons
 a - a +0 hand axe (weapon)
 s - a +0 blowgun
Missiles
 t - 7 poisoned needles
Armour
 b - a +0 animal skin
 d - a +0 chain mail
 l - a +2 scale mail of cold resistance (worn)
Wands
 g - a wand of random effects (26/48)
Scrolls
 e - 2 scrolls of magic mapping {unknown}
 i - 2 scrolls of identify {unknown}
 k - 2 scrolls of teleportation {unknown}
 m - a scroll of enchant weapon {unknown}
 n - a scroll of amnesia {unknown}
 o - a scroll of fog {unknown}
 r - 2 scrolls of enchant armour {unknown}
 u - a scroll of noise {unknown}
 v - a scroll of recharging {unknown}
Potions
 j - a potion of curing
 p - 2 potions of mutation {unknown}
 q - 2 potions of heal wounds {unknown}
Comestibles
 c - 2 bread rations
 w - 6 chunks of flesh


   Skills:
 + Level 7.8 Fighting
 * Level 10.3 Axes
 + Level 7.2 Armour
 + Level 7.1 Dodging


You had 8 spell levels left.
You didn't know any spells.

Dungeon Overview and Level Annotations

Branches:
Dungeon (10/15)
 Temple: D:4-7         Lair: D:8-11         Orc: D:9-12

Altars:


Innate Abilities, Weirdness & Mutations

You reflexively headbutt those who attack you in melee.
You have a pair of horns on your head.


Message History

The hornet misses you. The ogre hits you with a giant club.
The hornet stings you!
* * * LOW HITPOINT WARNING * * *
You feel yourself slow down.
It was a potion of flight.
You feel very buoyant.
You fly up into the air.
You feel yourself speed up. The hornet barely misses you.
The ogre hits you with a giant club!
* * * LOW HITPOINT WARNING * * *
The hornet stings you!
* * * LOW HITPOINT WARNING * * *
You are poisoned.
You feel yourself slow down.
You feel better. The hornet stings you.
* * * LOW HITPOINT WARNING * * *
You are poisoned.
You feel as though you will be slow longer.
The ogre hits you with a giant club!!
You die...

.#######)....#
.........(...
............#
............#
............#
............#
#...........###
#......@y.....##
#.....O........##
#...............###
#.................##
#.....>............##
#..............(....##
#....................###
.#....[................#
#......................


You could see a hornet and an ogre.

Vanquished Creatures
  A two-headed ogre (D:10)
  A hippogriff (D:9)
  4 yaks (D:6)
  The ghost of Laan the Poker, an amateur DsFi of Trog (D:3)
  A hungry ghost (D:9)
  A necrophage (D:9)
  3 ogres
  A big kobold (D:9)
  A bullfrog (D:10)
  A scorpion (D:9)
  3 wights (D:9)
  3 crimson imps
  2 hounds (D:9)
  An orc priest (D:7)
  A centaur skeleton (D:5)
  Natasha (twice) (D:2)
  Terence (D:2)
  6 orc wizards
  A worker ant zombie (D:9)
  4 gnolls (D:10)
  A howler monkey skeleton (D:5)
  A shadow imp (D:9)
  2 oozes
  An adder zombie (D:5)
  A worm (D:3)
  A leopard gecko (D:2)
  7 orcs
  3 bats
  3 giant cockroaches
  A hobgoblin (D:2)
  3 jackals (D:7)
  2 frilled lizards
  6 kobolds
  3 rats
74 creatures vanquished.

Notes
Turn   | Place    | Note
-------+----------+-------------------------------------------
     0 | D:1      | M4edhros the Minotaur Berserker began the quest for the Orb.
     0 | D:1      | Reached XP level 1. HP: 19/19 MP: 0/0
   122 | D:2      | Noticed Terence
   126 | D:2      | Killed Terence
   126 | D:2      | Reached skill level 4 in Axes
   126 | D:2      | Reached XP level 2. HP: 27/27 MP: 1/1
   126 | D:2      | Reached XP level 3. HP: 33/33 MP: 2/2
   146 | D:2      | Noticed Natasha
   151 | D:2      | Killed Natasha
   173 | D:2      | Noticed Natasha
   185 | D:2      | Killed Natasha
   185 | D:2      | Reached XP level 4. HP: 26/40 MP: 3/3
   266 | D:3      | Noticed Laan's ghost (amateur DsFi)
   276 | D:3      | Killed Laan's ghost
   276 | D:3      | Reached skill level 5 in Axes
   276 | D:3      | Reached XP level 5. HP: 46/47 MP: 4/4
   385 | D:4      | Noticed an ogre
   390 | D:4      | Killed an ogre
   390 | D:4      | Reached XP level 6. HP: 55/55 MP: 5/5
   411 | D:4      | You fall through a shaft for 3 floors!
   436 | D:6      | Noticed a yak
   436 | D:6      | Noticed a yak
   437 | D:6      | Noticed a yak
   437 | D:6      | Noticed a yak
   443 | D:6      | Killed a yak
   443 | D:6      | Reached skill level 5 in Fighting
   443 | D:6      | Reached skill level 6 in Axes
   445 | D:6      | Killed a yak
   445 | D:6      | Reached XP level 7. HP: 58/61 MP: 6/6
   446 | D:6      | Killed a yak
   446 | D:6      | Reached ** piety under Trog
   446 | D:6      | Reached skill level 7 in Axes
   446 | D:6      | Reached skill level 5 in Armour
   446 | D:6      | Killed a yak
   461 | D:5      | Entered Level 5 of the Dungeon
   485 | D:5      | Reached skill level 5 in Dodging
   546 | D:6      | Reached XP level 8. HP: 53/70 MP: 7/7
   668 | D:7      | Reached skill level 8 in Axes
   908 | D:9      | Noticed a hippogriff
   931 | D:9      | Killed a hippogriff
   931 | D:9      | Reached skill level 9 in Axes
  1024 | D:9      | Reached *** piety under Trog
  1025 | D:9      | Reached XP level 9. HP: 73/77 MP: 8/8
  1032 | D:10     | Entered Level 10 of the Dungeon
  1101 | D:10     | Noticed a two-headed ogre
  1109 | D:10     | Killed a two-headed ogre
  1109 | D:10     | Reached skill level 10 in Axes
  1134 | D:10     | Demolished by an ogre

Vault maps used:
D:1:      dpeg_arrival_round_b
D:2:      uniq_natasha, uniq_terence
D:4:      serial_shops, nicolae_shop_behind_doors, first_bread
D:5:      lemuel_crystal_altar, corner_web_ring, minivault_4, uniq_duvessa
D:6:      serial_glass, glass_columns_b, glass_columns_a
D:7:      minmay_flawed_box, minmay_temple_entry_statues_pillars,
          grunt_livestock
D:8:      minmay_cornered_nines, lair_entry_dummy, uniq_psyche,
          uniq_prince_ribbit1
D:9:      serial_shops, shop, nrook_uturn, lemuel_flame_loot_1
D:10:     minmay_distorted_concentric_squares

Skill      XL: |  1  2  3  4  5  6  7  8  9 |
---------------+----------------------------+-----
Fighting       | 4 5 6 7 |  7.8
Axes           | 4 5 6 7 9 10 | 10.3
Armour         | 3 4 5 6 7 |  7.2
Dodging        | 3 4 5 6 7 |  7.1

Action                   |  1- 3 |  4- 6 |  7- 9 || total
-------------------------+-------+-------+-------++-------
Melee: Hand axe          |    27 |    32 |   139 ||   198
       Headbutt          |     3 |     9 |    26 ||    38
Invok: Berserk           |     1 |     3 |     5 ||     9
       Trog's Hand       |       |       |     1 ||     1
  Use: Potion            |       |       |     5 ||     5
 Stab: Invisible         |       |       |     1 ||     1
  Eat: Chunk             |       |       |     4 ||     4
       Bread ration      |       |       |     2 ||     2
Armor: Chain mail        |    13 |    15 |       ||    28
       Animal skin       |     2 |       |       ||     2
       Scale mail        |       |     3 |    56 ||    59
Dodge: Dodged            |    19 |    19 |   127 ||   165
